 Dungeon Crawl Stone Soup version 0.31-a0-360-gb3e1d13bf4 (webtiles) character file.

Game seed: 5406228659414406128

4353 randomguy2701 the Cleaver (level 10, -2/90 HPs)
             Began as a Minotaur Fighter on July 26, 2023.
             Was a Believer of Fedhas.
             Slain by a two-headed ogre
             ... wielding a +0 giant club
              (13 damage)
             ... on level 9 of the Dungeon.
             The game lasted 00:11:56 (7997 turns).

randomguy2701 the Cleaver (Minotaur Fighter)        Turns: 7997, Time: 00:11:57

Health: -2/90      AC: 18    Str: 20    XL:     10   Next: 12%
Magic:  9/9        EV:  7    Int:  5    God:    Fedhas [**....]
Gold:   392        SH:  6    Dex: 15    Spells: 9/9 levels left

rFire   . . .        a - +0 war axe
rCold   . . .        c - +0 buckler
rNeg    . . .        i - +3 plate armour
rPois   .            (helmet restricted)
rElec   .            (no cloak)
rCorr   +            (no gloves)
SInv    .            (no boots)
Will    .....        (no amulet) Stlth
                     v - ring of resist corrosion
HPRegen 0.35/turn    (no ring)
MPRegen 0.11/turn

%: no passive effects
@: studying Armour
A: horns 2, retaliatory headbutt
a: Renounce Religion, Wall of Briars


You were on level 9 of the Dungeon.
You worshipped Fedhas.
Fedhas was pleased with you.
You visited 2 branches of the dungeon, and saw 10 of its levels.

You collected 392 gold pieces.

Inventory:

Hand Weapons
 a - a +0 war axe (weapon)
 w - the +7 quarterstaff of Oozing Pus {heavy, rF+ SInv}
   (You found it on level 6 of the Dungeon)

   rF:        It protects you from fire.
   SInv:      It lets you see invisible.
Missiles
 m - 3 throwing nets
Armour
 b - a +0 scale mail
 c - a +0 buckler (worn)
 i - a +3 plate armour (worn)
Jewellery
 v - a ring of resist corrosion (left hand)
 z - a ring of see invisible
Wands
 A - a wand of mindburst (8)
 B - a wand of charming (11)
Scrolls
 e - a scroll of fog {unknown}
 k - 7 scrolls of identify {unknown}
 n - a scroll of revelation {unknown}
 p - a scroll of poison {unknown}
 r - 2 scrolls of amnesia {unknown}
 s - a scroll of silence {unknown}
 t - a scroll of enchant armour {unknown}
 x - a scroll of fear {unknown}
 y - a scroll of brand weapon {unknown}
 C - a scroll of blinking {unknown}
Potions
 d - 2 potions of might
 f - a potion of haste {unknown}
 g - 4 potions of heal wounds {unknown}
 h - 3 potions of lignification {unknown}
 j - a potion of mutation {unknown}
 l - a potion of brilliance {unknown}
 o - a potion of degeneration {unknown}
 q - 3 potions of curing {unknown}
 u - a potion of magic {unknown}
 D - a potion of ambrosia {unknown}


   Skills:
 + Level 8.5 Fighting
 + Level 12.5 Axes
 + Level 11.8 Armour
 + Level 1.3 Dodging
 + Level 0.2 Stealth
 + Level 6.3 Shields


You had 9 spell levels left.
You didn't know any spells.
Your spell library contained the following spells:

 Spells                   Type           Power      Damage    Failure   Level
 Apportation              Tloc           0%         N/A       100%        1
 Necrotise                Necr           0%         1d4       100%        1
 Slow                     Hex            0%         N/A       100%        1
 Summon Small Mammal      Summ           0%         N/A       100%        1
 Confusing Touch          Hex            0%         N/A       100%        3
 Vampiric Draining        Necr           0%         2d6       100%        3
 Agony                    Necr           0%         N/A       100%        5


Dungeon Overview and Level Annotations

Branches:
Dungeon (9/15)             Temple (1/1) D:5            Lair (0/5) D:9
    Orc: D:9-12

Altars:
Ashenzari
Dithmenos
Elyvilon
Fedhas
Gozag
Hepliaklqana
Kikubaaqudgha
Makhleb
Qazlal
Ru
Sif Muna
Trog
Uskayaw
Vehumet
Wu Jian
Xom
Yredelemnul
The Shining One

Shops:
D:6 *   D:8 *

Annotations:
D:4 exclusion: statue
D:9 1 runed translucent door, Monkooky's ghost, novice VSSh


Innate Abilities, Weirdness & Mutations

You have a pair of horns on your head.
You reflexively headbutt those who attack you in melee.


Message History

The two-headed ogre barely misses you.
The two-headed ogre hits you with a +0 giant club.
You closely miss the two-headed ogre.
Your headbutt misses the two-headed ogre.
The two-headed ogre is moderately wounded.
You slash the two-headed ogre!
The two-headed ogre is heavily wounded.
The two-headed ogre hits you but does no damage.
The two-headed ogre hits you with a +0 giant club!
You hit the two-headed ogre but do no damage.
You headbutt the two-headed ogre.
The two-headed ogre is heavily wounded.
The two-headed ogre hits you with a +0 giant club!
* * * LOW HITPOINT WARNING * * *
You block the two-headed ogre's attack.
You hit the two-headed ogre but do no damage.
Your headbutt misses the two-headed ogre.
The two-headed ogre is heavily wounded.
You hit the two-headed ogre.
Your headbutt misses the two-headed ogre.
The two-headed ogre is severely wounded.
You block the two-headed ogre's attack.
The two-headed ogre hits you with a +0 giant club!
* * * LOW HITPOINT WARNING * * *
You hit the two-headed ogre.
The two-headed ogre is severely wounded.
You barely miss the two-headed ogre.
The two-headed ogre is severely wounded.
The two-headed ogre hits you with a +0 giant club.
* * * LOW HITPOINT WARNING * * *
The two-headed ogre barely misses you.
You barely miss the two-headed ogre. You headbutt the two-headed ogre.
The two-headed ogre is severely wounded.
You slash the two-headed ogre!
Your headbutt misses the two-headed ogre.
The two-headed ogre is almost dead.
You block the two-headed ogre's attack.
The two-headed ogre hits you with a +0 giant club!
You die...
Fedhas appreciates your contribution to the ecosystem.

# ..# .## ##..
...# .....
####....#.
#....#!@O......
#....#.########
#....#.## #...#
#...# ### #...#
#># #...#
##.### #..[#
#....#### #
#...#
#...##♣.♣≈≈


You could see a two-headed ogre.

Vanquished Creatures
  Pikel (D:4)
  A yak (D:9)
  3 water moccasins
  3 orc warriors
  3 ice beasts
  3 ogres
  4 centaurs
  5 phantoms
  2 kobold brigands (D:9)
  A lemure (D:4)
  A bullfrog (D:6)
  2 gnoll sergeants
  A scorpion (D:4)
  5 wights (D:5)
  9 killer bees
  An electric eel (D:6)
  3 hounds
  7 orc priests
  2 iguanas
  6 orc wizards
  A centaur simulacrum (D:9)
  Robin (D:2)
  18 gnolls
  4 adders
  A shadow imp (D:5)
  2 white imps (D:9)
  3 ufetubi
  A worm (D:2)
  3 dart slugs
  28 orcs
  9 bats
  3 endoplasms
  5 giant cockroaches
  20 goblins
  9 hobgoblins
  6 jackals (D:1)
  5 quokkas
  10 ball pythons
  3 frilled lizards
  21 kobolds
  3 rats
219 creatures vanquished.

Vanquished Creatures (others)
  A sleepcap (D:7)
1 creature vanquished.

Grand Total: 220 creatures vanquished

Notes
Turn   | Place    | Note
-------+----------+-------------------------------------------
     0 | D:1      | randomguy2701 the Minotaur Fighter began the quest for the
                  | Orb.
     0 | D:1      | Reached XP level 1. HP: 19/19 MP: 0/0
    96 | D:1      | Reached XP level 2. HP: 27/27 MP: 1/1
   277 | D:1      | Reached skill level 3 in Axes
   277 | D:1      | Reached XP level 3. HP: 33/33 MP: 2/2
   357 | D:1      | Found a faded altar of an unknown god.
   799 | D:2      | Found a hide-covered altar of Uskayaw.
   991 | D:2      | Noticed Robin
   997 | D:2      | Killed Robin
   998 | D:2      | Reached XP level 4. HP: 36/41 MP: 3/3
  1054 | D:2      | Identified the +7 mace of Somewhere Else {flame, rCorr
                  | Int+2}
  1132 | D:2      | Reached skill level 4 in Axes
  1622 | D:3      | Noticed a centaur
  1636 | D:3      | Killed a centaur
  1637 | D:3      | Reached skill level 5 in Axes
  1637 | D:3      | Reached XP level 5. HP: 40/47 MP: 4/4
  1954 | D:3      | Reached XP level 6. HP: 29/55 MP: 5/5
  2161 | D:3      | Found a sacrificial altar of Ru.
  2386 | D:4      | Reached skill level 5 in Fighting
  2400 | D:4      | Reached skill level 6 in Axes
  2614 | D:4      | Found a glowing golden altar of the Shining One.
  2664 | D:4      | Found a shimmering blue altar of Sif Muna.
  2793 | D:4      | Found a radiant altar of Vehumet.
  2892 | D:4      | Reached skill level 5 in Armour
  2892 | D:4      | Reached XP level 7. HP: 37/61 MP: 6/6
  3011 | D:5      | Entered Level 5 of the Dungeon
  3011 | D:5      | Noticed Pikel
  3056 | D:4      | Killed Pikel
  3057 | D:4      | Reached skill level 8 in Axes
  3123 | D:5      | Reached XP level 8. HP: 66/70 MP: 7/7
  3129 | D:5      | Reached skill level 1 in Dodging
  3150 | D:5      | Reached skill level 9 in Axes
  3150 | D:5      | Reached skill level 5 in Shields
  3170 | D:5      | Found a staircase to the Ecumenical Temple.
  3619 | D:5      | Reached skill level 10 in Axes
  3851 | Temple   | Entered the Ecumenical Temple
  4014 | Temple   | Became a worshipper of Fedhas Madash
  4094 | D:6      | Reached XP level 9. HP: 74/79 MP: 8/8
  4217 | D:6      | Reached skill level 11 in Axes
  4402 | D:6      | Identified the +7 quarterstaff of Oozing Pus {heavy, rF+
                  | SInv}
  4667 | D:6      | Found Birphi's General Store.
  5384 | D:6      | Reached * piety under Fedhas
  5566 | D:7      | Found a white marble altar of Elyvilon.
  6014 | D:8      | Reached skill level 10 in Armour
  6464 | D:8      | Found an ancient bone altar of Kikubaaqudgha.
  6647 | D:8      | Noticed a boulder beetle
  6648 | D:8      | Noticed a komodo dragon
  6649 | D:8      | Noticed a cyclops
  6649 | D:8      | Noticed a centaur warrior
  6656 | D:8      | Found Luidoir's Elemental Accessories.
  6763 | D:8      | Reached skill level 12 in Axes
  6940 | D:8      | Noticed a centaur warrior
  6940 | D:8      | Noticed a brown ugly thing
  6941 | D:8      | Noticed a centaur warrior
  6942 | D:8      | Noticed a deep elf pyromancer
  6942 | D:8      | Noticed a centaur warrior
  7016 | D:8      | Reached ** piety under Fedhas
  7357 | D:9      | Found a runed translucent door.
  7362 | D:9      | Noticed Monkooky's ghost (novice VSSh)
  7532 | D:9      | Reached XP level 10. HP: 75/88 MP: 9/9
  7612 | D:9      | Found a staircase to the Lair.
  7615 | D:9      | Found a hazy altar of Hepliaklqana.
  7983 | D:9      | Noticed a two-headed ogre
  7997 | D:9      | Slain by a two-headed ogre

Illustrated notes

Levels and vault maps discovered:
D:1:      minmay_arrival_arboretum_small, layout_basic,
          hellmonk_ecumenical_altar_prayer_group
D:2:      layout_loops_ring, basic_altar, uniq_robin
D:3:      layout_loops_ring, nicolae_ru_the_path_less_chosen, grunt_ministairs_1
D:4:      layout_rooms, mainiacjoe_overflow_surrounded_room,
          mainiacjoe_overflow_concentric_impassable, vehumet_statue
D:5:      layout_rooms, minmay_temple_entry_butterflies,
          kennysheep_small_circle, uniq_pikel
D:6:      layout_basic, minmay_misc_feat_tower, chequers_jeans,
          kennysheep_donut, nicolae_inconvenience_store,
          roderic_nine_men_s_morris, minmay_tree_intersection,
          dreamdust_gnoll_farm
D:7:      layout_rooms, kennysheep_mini, chequers_serial_rivers_small_3,
          nicolae_sextant
D:8:      layout_basic, general_overflow_altar, minmay_misc_feat_iff,
          nicolae_elemental_shop, serial_bayou_pond_a, minivault_12
D:9:      layout_basic, nemelex_diamond_rough_becter, okawaru_ov_weapons_minmay,
          mainiacjoe_overflow_cross_hatched, worldfamousw_hep_ancestral_shrine,
          marbit_many_paths, lair_entry_dummy, ebering_ghost_reflecting_pool,
          serial_ice, serial_ice_n, serial_ice_j, serial_ice_b, serial_ice_g,
          amcnicky_mini_pool_small
Temple:   nicolae_temple_bog_church

Skill      XL: |  1  2  3  4  5  6  7  8  9 |
---------------+----------------------------+-----
Shields        | 4 5 6 |  6.3
Fighting       | 4 5 6 7 8 |  8.5
Axes           | 3 5 6 8 10 12 | 12.5
Armour         | 4 5 6 8 11 | 11.8
Dodging        | 1 |  1.3
Stealth        | |  0.2

Action                     |  1- 3 |  4- 6 |  7- 9 | 10-12 || total
---------------------------+-------+-------+-------+-------++-------
  Melee: War axe           |    96 |   106 |   347 |    52 ||   601
         Headbutt          |     8 |    17 |    70 |     9 ||   104
 Armour: Scale mail        |    25 |       |       |       ||    25
         Plate armour      |    37 |    74 |   191 |    15 ||   317
  Dodge: Dodged            |    41 |    30 |   106 |    24 ||   201
  Block: Buckler           |    33 |    38 |    85 |    13 ||   169

Table legend: (Time is in decaauts)
 A = Elapsed time spent in this place.
 B = Non-inter-level travel time spent in this place.
 C = Inter-level travel time spent in this place.
 D = Time resting spent in this place.
 E = Time spent auto-exploring this place.
 F = Levels seen in this place.
 G = Mean time per level.
                   A        B        C        D        E       F      G
               +--------+--------+--------+--------+--------+-----+--------+
         Total |   8081 |   7456 |    625 |     26 |   6155 |  10 |  808.1 |
       Dungeon |   7898 |   7421 |    477 |     26 |   6155 |   9 |  877.6 |
        Temple |    183 |     35 |    148 |      0 |      0 |   1 |  183.0 |
               +--------+--------+--------+--------+--------+-----+--------+

Top non-repeatable levels by time:
     D:8: 1414 daAuts
     D:6: 1334 daAuts
     D:3: 832 daAuts
     D:2: 801 daAuts
     D:4: 775 daAuts
     D:5: 769 daAuts
     D:1: 769 daAuts
     D:9: 660 daAuts
     D:7: 540 daAuts
  Temple: 183 daAuts
